 Dungeon Crawl Stone Soup version 0.22.1-2-g9c5b331 (webtiles) character file.

3969 Korkiloff the Slasher (level 10, -1/83 HPs)
             Began as a Demonspawn Abyssal Knight on Jan 6, 2019.
             Was a High Priest of Lugonu.
             Slain by an adder (3 damage)
             ... on level 8 of the Dungeon.
             The game lasted 00:33:30 (7525 turns).

Korkiloff the Slasher (Demonspawn Abyssal Knight)   Turns: 7525, Time: 00:33:30

Health: -1/83      AC: 18    Str: 19      XL:     10   Next: 2%
Magic:  0/11       EV:  9    Int: 10 (13) God:    Lugonu [*****.]
Gold:   332        SH: 10    Dex: 12 (13) Spells: 9/9 levels left

rFire    + + .     SeeInvis .   a - +1 falchion
rCold    + . .     Gourm    .   y - +0 buckler
rNeg     . . .     Faith    .   g - +5 chain mail
rPois    +         Spirit   +   (helmet restricted)
rElec    +         Reflect  +   s - +0 cloak
rCorr    +         Harm     .   N - +1 pair of gloves {Str+3}
MR       .....     Clarity  +   (no boots)
Stlth    ..........             q - +5 amulet of reflection
HPRegen  0.23/turn              n - ring of fire
MPRegen  0.24/turn              i - ring of flight

@: resistant (expiring), very slightly contaminated
A: antennae 1, clarity, cold resistance 1, robust 1, magic shield, magic
regeneration, sturdy frame 1
a: Depart the Abyss, Bend Space, Banish, Corrupt, Enter the Abyss, Renounce
Religion, Evoke Flight


You were on level 8 of the Dungeon.
You worshipped Lugonu.
Lugonu was extremely pleased with you.
You were hungry.

You visited 1 branch of the dungeon, and saw 9 of its levels.
You visited the Abyss 1 time.

You collected 332 gold pieces.

Inventory:

Hand Weapons
 a - a +1 falchion (weapon)
 b - a +0 hunting sling of freezing
 j - a cursed -1 hunting sling
 v - a +0 great mace
 w - a +3 dagger
 A - a +3 quarterstaff of chaos
 B - a -2 mace
 G - a +0 great sword
 I - a +1 morningstar
 J - a +5 halberd
 K - a +2 whip of flaming
 L - a cursed -1 halberd
Missiles
 d - 92 arrows
 o - 85 bolts
 p - 125 stones
 z - 26 sling bullets
 O - a throwing net (quivered)
Armour
 g - a +5 chain mail (worn)
 m - a +0 leather armour
 s - a +0 cloak (worn)
 x - a +0 pair of gloves
 y - a +0 buckler (worn)
 F - +0 steam dragon scales
 N - a +1 pair of gloves of strength (worn)
Magical Staves
 M - an uncursed staff of power {unknown}
Jewellery
 f - an uncursed amulet of rage
 i - a ring of flight (right hand)
 n - a ring of fire (left hand)
 q - a +5 amulet of reflection (around neck)
Scrolls
 k - 4 scrolls of teleportation
 l - 4 scrolls of remove curse
 u - 13 scrolls of identify
 D - a scroll of immolation {unknown}
 E - a scroll of amnesia {unknown}
Potions
 e - a potion of mutation
 r - a potion of cancellation
Comestibles
 c - 16 rations


   Skills:
 + Level 6.0 Fighting
 + Level 1.5(4.1) Short Blades
 + Level 6.0(6.1) Long Blades
 + Level 3.5 Maces & Flails
 + Level 4.6 Slings
 + Level 0.1(2.8) Throwing
 + Level 5.7 Armour
 + Level 2.9 Dodging
 + Level 0.6 Stealth
 + Level 5.8 Shields
 + Level 2.6 Invocations
 + Level 0.9 Evocations


You had 9 spell levels left.
You didn't know any spells.
Your spell library was empty.

Dungeon Overview and Level Annotations

Branches:
Dungeon (9/15)             Temple (0/1) D:7
   Lair: D:8-11         Orc: D:9-12

Altars:
Fedhas

Annotations:
D:8 Psyche


Innate Abilities, Weirdness & Mutations

You have a pair of small antennae on your head.
Your flesh is cold resistant. (rC+)
When hurt, damage is shared between your health and your magic reserves.
You regenerate magic rapidly.
Your movements are slightly less encumbered by armour. (ER -2)
You possess an exceptional clarity of mind.
You are robust. (+10% HP)


Message History

The killer bee barely misses you.
The killer bee stings you but does no damage.
The killer bee barely misses you.
You flicker for a moment.
The killer bee misses you. The killer bee barely misses you.
You riposte.
You barely miss the killer bee.
The killer bee is heavily wounded.
An adder comes into view.
You block the killer bee's attack.
You start to feel less resistant.
The adder hisses angrily.
You block the killer bee's attack.
You see here a sling bullet.
The killer bee stings you.
* * * LOW HITPOINT WARNING * * *
The killer bee stings you but does no damage.
You flicker back into view.
You block the adder's attack. The adder bites you.
You die...

#......# #######
###.....# #.....# ##
#...?...# #.....# ...#
#.#.....###.....# ..#
..#.............#
..#### #......(......#
[.... #........y....#
#..#
#.......Sy(...####..#
#.#
##.......@(...(((a..##
#.#
########?.....###...#
#.# .[.......#.....#
#.# .........#.#..@#
#.# .........#.#..>#
#.#
..........#.#.#.###.#
...###.....#.#)#...รท.#
.... #####.#.#.#######
#.#.#.#


You could see 2 killer bees and an adder.

Vanquished Creatures
  Pikel (D:9)
  A troll (D:9)
  A hippogriff (D:8)
  A yak (D:4)
  A steam dragon (D:8)
  An orc warrior (D:6)
  2 sky beasts
  A black bear (D:7)
  2 ogres
  A big kobold (D:7)
  4 bullfrogs
  3 scorpions
  12 killer bees
  5 wights (D:6)
  2 howler monkeys
  A bullfrog zombie (D:6)
  A jelly (D:7)
  6 orc priests
  Crazy Yiuf (D:2)
  2 gnoll shamans (D:4)
  4 hounds
  5 orc wizards
  7 worker ants
  9 gnolls
  A worker ant zombie (D:4)
  9 adders
  An ooze (D:1)
  An adder zombie (D:8)
  4 worms (D:3)
  A dart slug (D:2)
  9 leopard geckos
  12 orcs
  8 bats
  9 giant cockroaches
  12 goblins
  9 hobgoblins
  10 jackals
  4 quokkas
  A ball python (D:1)
  A ball python skeleton (D:4)
  9 frilled lizards
  10 kobolds
  A quokka skeleton (D:5)
  7 rats
193 creatures vanquished.

Vanquished Creatures (others)
  A slave (D:9)
  An orc (D:3)
  A kobold (D:7)
3 creatures vanquished.

Grand Total: 196 creatures vanquished

Notes
Turn   | Place    | Note
-------+----------+-------------------------------------------
     0 | Abyss:1  | Korkiloff the Demonspawn Abyssal Knight began the quest for
                  | the Orb.
     0 | Abyss:1  | Reached XP level 1. HP: 18/18 MP: 2/2
     9 | Abyss:1  | Found a corrupted altar of Lugonu.
    32 | D:1      | Escaped the Abyss
   189 | D:1      | Gained mutation: Your movements are slightly less
                  | encumbered by armour. (ER -2) [demonic ancestry]
   189 | D:1      | Reached XP level 2. HP: 24/24 MP: 3/3
   299 | D:1      | Reached skill level 1 in Dodging
   449 | D:1      | Reached ** piety under Lugonu
   449 | D:1      | Reached XP level 3. HP: 29/29 MP: 4/4
  1311 | D:2      | Found a runed door.
  1370 | D:2      | Gained mutation: When hurt, damage is shared between your
                  | health and your magic reserves. [demonic ancestry]
  1370 | D:2      | Reached XP level 4. HP: 37/37 MP: 5/5
  1516 | D:2      | Noticed Crazy Yiuf
  1522 | D:2      | Killed Crazy Yiuf
  1522 | D:2      | Reached skill level 1 in Slings
  1716 | D:3      | Reached *** piety under Lugonu
  1769 | D:3      | Gained mutation: You have a pair of small horns on your
                  | head. [potion of mutation]
  1769 | D:3      | Gained mutation: You are robust. (+10% HP) [potion of
                  | mutation]
  1769 | D:3      | Gained mutation: You possess an exceptional clarity of
                  | mind. [potion of mutation]
  1801 | D:5      | Entered Level 5 of the Dungeon
  1933 | D:5      | Reached skill level 1 in Maces & Flails
  1933 | D:5      | Gained mutation: You regenerate magic rapidly. [demonic
                  | ancestry]
  1933 | D:5      | Reached XP level 5. HP: 19/46 MP: 4/6
  2136 | D:5      | Reached skill level 1 in Shields
  2428 | D:5      | Noticed a sky beast
  2445 | D:5      | Killed a sky beast
  2445 | D:5      | Gained mutation: Your flesh is cold resistant. (rC+)
                  | [demonic ancestry]
  2445 | D:5      | Reached XP level 6. HP: 42/52 MP: 5/7
  3594 | D:4      | Reached XP level 7. HP: 59/59 MP: 8/8
  3849 | D:4      | Noticed a yak
  3859 | D:4      | Reached skill level 1 in Short Blades
  3929 | D:4      | Killed a yak
  4605 | D:3      | Reached XP level 8. HP: 66/66 MP: 9/9
  4650 | D:3      | Reached **** piety under Lugonu
  5723 | D:6      | Found a blossoming altar of Fedhas.
  6112 | D:6      | Reached skill level 5 in Fighting
  6416 | D:7      | Reached skill level 5 in Armour
  6454 | D:7      | Reached XP level 9. HP: 32/74 MP: 8/10
  6493 | D:7      | Found a staircase to the Ecumenical Temple.
  6644 | D:7      | Reached ***** piety under Lugonu
  6876 | D:7      | You fall through a shaft for 2 floors!
  6946 | D:9      | Noticed Pikel
  6973 | D:9      | Killed Pikel
  6973 | D:9      | Reached skill level 5 in Long Blades
  6973 | D:9      | Reached skill level 5 in Shields
  7018 | D:9      | Noticed a troll
  7037 | D:9      | Killed a troll
  7120 | D:8      | Noticed Psyche
  7137 | D:8      | Paralysed by Psyche for 2 turns
  7140 | D:8      | Paralysed by Psyche for 2 turns
  7147 | D:8      | Paralysed by Psyche for 2 turns
  7458 | D:8      | Lost mutation: You have a pair of small horns on your head.
                  | [demonic ancestry]
  7458 | D:8      | Gained mutation: You have a pair of small antennae on your
                  | head. [demonic ancestry]
  7458 | D:8      | Reached XP level 10. HP: 26/83 MP: 11/11
  7486 | D:8      | HP: 4/83 [killer bee (2)]
  7494 | D:8      | HP: 2/83 [poisoned by a killer bee]
  7502 | D:8      | HP: 1/83 [poisoned by a killer bee]
  7509 | D:8      | HP: 2/83 [killer bee (1)]
  7514 | D:8      | HP: 1/83 [killer bee (1)]
  7523 | D:8      | HP: 1/83 [killer bee (2)]
  7525 | D:8      | Slain by an adder

Skill      XL: |  1  2  3  4  5  6  7  8  9 10 |
---------------+-------------------------------+-----
Armour         | 2 3 5 |  5.7
Dodging        | 1 2 |  2.9
Long Blades    | 2 4 6 |  6.0
Slings         | 1 3 4 |  4.6
Maces & Flails | 1 2 3 |  3.5
Shields        | 1 2 3 4 5 |  5.8
Fighting       | 4 5 6 |  6.0
Short Blades   | 1 |  1.5
Throwing       | |  0.1
Stealth        | |  0.6
Invocations    | |  2.6
Evocations     | |  0.9

Action                   |  1- 3 |  4- 6 |  7- 9 | 10-12 || total
-------------------------+-------+-------+-------+-------++-------
Melee: Falchion          |   120 |       |   505 |    35 ||   660
       Mace              |       |   350 |    13 |       ||   363
       Headbutt          |       |    37 |   128 |       ||   165
       Dagger            |       |       |    36 |       ||    36
 Fire: Hunting sling     |    44 |     6 |   104 |       ||   154
Throw: Stone             |       |     7 |       |       ||     7
       Throwing net      |       |       |     1 |       ||     1
Invok: Bend Space        |       |       |     1 |       ||     1
Evoke: Wand              |       |     2 |     5 |       ||     7
  Use: Scroll            |       |     9 |     2 |     1 ||    12
       Potion            |       |     6 |     6 |     2 ||    14
 Stab: Invisible         |       |     1 |       |     3 ||     4
  Eat: Chunk             |     2 |     8 |    13 |       ||    23
Armor: Chain mail        |    86 |   169 |   303 |    29 ||   587
       Skin              |       |    37 |       |       ||    37
Dodge: Dodged            |    61 |    71 |   189 |    36 ||   357
Block: Other             |    10 |       |       |       ||    10
       Buckler           |     1 |   182 |   295 |    34 ||   512
       Reflection        |       |       |     2 |       ||     2
       Rpst.: Falchion   |    19 |       |    58 |     8 ||    85
